[Event "EU-ch 12th"]
[Site "Aix les Bains"]
[Date "2011.03.24"]
[Round "3"]
[White "Nikolic, Predrag"]
[Black "Motylev, Alexander"]
[Result "1/2-1/2"]
[ECO "A46"]
[WhiteElo "2596"]
[BlackElo "2677"]
[Annotator "Marchand,A/Primel,D"]
[PlyCount "178"]
[EventDate "2011.03.22"]
[EventType "swiss"]
[EventRounds "11"]
[EventCountry "FRA"]
[SourceTitle "CBM 142 Extra"]
[Source "ChessBase"]
[SourceDate "2011.06.27"]
[SourceVersion "1"]
[SourceVersionDate "2011.06.27"]
[SourceQuality "1"]
[TimeControl "40/5400+30:1800+30"]

1. d4 Nf6 2. Nf3 e6 3. g3 d5 (3... b5 4. Bg2 (4. Qd3 $5) 4... Bb7 5. O-O c5 6.
c3 (6. Na3 a6 7. c4 b4 8. Nc2 Qb6 9. Be3 a5 $132 ) 6... Be7 7.
Bg5 (7. a4 b4 $1 8. dxc5 Bxc5 9. cxb4 Bxb4 10. Qb3 a5 $11 {Petrovic,M (2290)
-Akhmilovskaya,E (2295) YUG-URS Teslic 1979 0-1}) 7... Na6 8. Nbd2 O-O 9. e3 h6
10. Bxf6 Bxf6 11. Qe2 Qb6 12. a4 b4 13. Ne5 Bxg2 14. Kxg2 d6 $1 15. Nd7 Qc6+
16. Kg1 Qxd7 17. Qxa6 Rfc8 $11 {Ris,R (2411)-Bocharov,D (2614) EU-ch 8th
Dresden 2007 (1) 0-1}) 4. Bg2 (4. c4 {Retombe sur une Catalane}) 4... b5 $1 {
L'ordre de coups des Blancs n'est pas trés ambitieux et les Noirs ont des bons
résultats avec ce système} 5. O-O (5. a4 b4 6. c4 bxc3 7. Nxc3 Be7 (7... c5 8.
O-O Bb7 (8... Nc6)) 8. O-O Nbd7 (8... O-O) 9. Bf4 Nh5 10. Bd2 Bb7 (10... O-O
11. e4) (10... c5) 11. a5 $14 ) 5... Bb7 (5... c5 $5) 6. Qd3 (6.
b3 Nbd7 7. c4 bxc4 8. bxc4 dxc4 9. Qa4 Be7 10. Ne5 Bxg2 11. Kxg2 O-O 12. Nc6
Nb6 $1 13. Qa5 Qd5+ 14. Qxd5 Nbxd5 15. Nxe7+ Nxe7 $11) 6... a6 7. a4 b4 8. c4
bxc3 9. bxc3 c5 10. Nbd2 Nbd7 11. Ba3 ({RR} 11. Rd1 Rc8 12. Ne5 Nxe5 13. dxe5
Nd7 14. f4 c4 15. Qc2 Bc5+ 16. Kh1 Qc7 17. Nf3 O-O 18. Ng5 g6 19. h4 Kg7 20. h5
Be7 21. Nh3 Nc5 22. Bf3 Nb3 23. Rb1 Bc5 24. Rxb3 cxb3 25. Qd2 d4 {Paul,M (2194)
-Vasilevich,T (2368)/Germany 2008/EXT 2009/0-1 (43)}) 11... c4 12. Qc2 Bxa3 13.
Rxa3 Qc7 $146 ({RR} 13... O-O 14. e4 dxe4 15. Ng5 Bd5 16. Ngxe4
Nxe4 17. Nxe4 Rb8 18. Raa1 h6 19. Rfb1 Qc7 20. Nd2 Bxg2 21. Kxg2 Nf6 22. Kg1
Nd5 23. Ne4 Qa5 24. Rc1 Rb3 25. Qe2 Rc8 26. Rc2 Rc6 27. Qe1 Qb6 28. Qc1 {
Kalinitschew,S (2450)-Rigo,J (2400)/Berlin 1990/EXT 1997/0-1 (56)}) 14. Rb1 O-O
$11 {Comme souvent les Blancs n'ont rien obtenu de l'ouverture} 15. Ne1 $6 Rab8
16. Raa1 a5 17. e4 Nxe4 18. Nxe4 dxe4 19. Bxe4 Bxe4 20. Qxe4 Nf6 (20... Rb3 $5 21. Rxb3 cxb3 22. Qd3 Rb8 $36 ) 21. Qc2
Nd5 22. Nf3 Rb3 23. Rxb3 cxb3 24. Qxb3 Rb8 25. Qc2 Qxc3 26. Qxc3 Nxc3 27. Kf1
f6 28. Nd2 Rb4 29. Rc1 Nxa4 30. Nc4 h5 31. h4 Nb2 32. Nxa5 Rxd4 33. Ke2 Re4+
34. Kf1 Nd3 35. Rd1 Ne5 36. Nb3 Rc4 37. Rd6 Kf7 38. Rd2 Rc7 39. Kg2 Ng4 40. Ra2
e5 41. Nd2 Kg6 $15 {Les pièces Noires sont nettement plus actives.} 42. Nf1 Rc3
43. Nh2 Nh6 44. Nf1 Nf5 45. Rb2 Ra3 46. Nd2 Ra4 47. Nf1 Rg4 48. Nh2 Rc4 49. Nf1
Ra4 50. Nd2 Ra1 51. Nf1 Re1 52. Ra2 Kh7 53. Rb2 Nd4 54. Ne3 Re2 55. Rb7 Kh6 {
[%csl Ge2,Rf2,Rg2] Les Noirs ont progressé un peu} 56. Ra7 Rb2 57. Nc4 Rc2 58.
Ne3 Rc5 59. Ra6 Rc7 60. Nd5 Rd7 61. Ne3 Kg6 62. Nc4 Re7
63. Ne3 Kf7 64. Ra2 Rc7 65. Nd5 Rd7 66. Ne3 Ne6 67. Nc4 g6 68. Ra6 Rc7 69. Nd6+
Ke7 70. Ne4 Rc4 71. Ra7+ Rc7 72. Ra6 Rc4 73. Ra7+ Nc7 74. Nd2 Rc6 75. Nf1 Ke6
76. Ne3 f5 77. Ra4 Ne8 78. Ra2 Nd6 79. Nf1 Rb6 80. Nd2 Kf6 81. Nf3 Nf7 82. Ng1
Nd8 83. Nh3 Ne6 84. Ra5 e4 85. Ra2 Rc6 86. Kf1 Rb6 87. Kg2
Rd6 88. Ra7 Rc6 89. Ra2 Rb6 1/2-1/2

[Event "Sautron op 13th"]
[Site "Sautron"]
[Date "2013.10.29"]
[Round "5"]
[White "Koziak, Vitali"]
[Black "Roiz, Michael"]
[Result "1/2-1/2"]
[ECO "A46"]
[WhiteElo "2481"]
[BlackElo "2614"]
[Annotator "RR"]
[PlyCount "53"]
[EventDate "2013.10.26"]
[EventType "swiss"]
[EventRounds "9"]
[EventCountry "FRA"]
[SourceTitle "EXT 2014"]
[Source "ChessBase"]
[SourceDate "2013.11.20"]
[SourceVersion "1"]
[SourceVersionDate "2013.11.20"]
[SourceQuality "1"]
[TimeControl "40/5400+30:1800+30"]
[WhiteClock "1:30:00"]
[BlackClock "1:30:00"]

1. d4 Nf6 2. Nf3 e6 3. Bg5 h6 (3... c5) 4. Bh4 {
[%emt 0:00:47] Cette ligne n'a pas très bonne réputation théorique} (4. Bxf6
$142 Qxf6 5. e4 d6 6. Nc3 Nd7 7. Qd2 a6 8. O-O-O $32) 4... d6 (4... c5) (4... b6) (4... g5 {La ligne critique pour gagner la paire de B et
préférée par KRAMNIK} 5. Bg3 Nh5 (5... Ne4 6. Nbd2 (6. Qd3 Nxg3 7. hxg3 $11
{Larsen,B (2625)-Byrne,R (2540) Las Palmas 1976 (1) 1/2}) (6. Nfd2) 6... Nxg3
7. hxg3 Bg7 8. c3 d6 9. e4 $13 {Hug,W (2453)-Kramnik,V (2759) Zuerich
Champions rap rapid 2009 (3) 1/2}) 6. e3 d6 7. Nbd2 Bg7) 5. c4 {[%emt 0:05:55]
Assez rarement joué dans une attaque Torre} (5. h3 Nbd7 6. Nbd2 c5 7. c3 Be7
8. e3 b6 9. Bd3 Bb7 10. Qe2 O-O 11. O-O d5 12. Rfe1 Ne4 13. Bxe7 Qxe7 14. Ba6
Bxa6 15. Qxa6 Nd6 16. Rad1 Rfd8 17. Qe2 Nf6 18. Ne5 Qc7 19. Rc1 Rac8 20. Qd1 b5
21. Ndf3 a5 22. a3 Qb6 23. b4 c4 24. Ra1 Ra8 25. Qc2 Ra6 26. Ra2 Rda8 27. Rea1
Qa7 28. Qb2 axb4 29. Qxb4 Nfe4 30. Nd2 Ra4 31. Nxe4 Nxe4 32. Qb2 Qa5 33. Rc1
Rxa3 34. Rxa3 Qxa3 {Levin,E (2505)-Alekseev,E (2710) St Petersburg 2013 0-1}) (
5. Nbd2 g5 6. Bg3 Nh5) (5. e3 g5 6. Bg3 Nh5 $132) 5... Nbd7 6.
Nc3 Be7 7. e3 b6 8. Be2 (8. Bd3 Bb7) 8... Bb7 9. Qc2 c5 $1 $11 10. dxc5 bxc5 (10... Nxc5 ) 11. O-O O-O 12. Rfd1 Qb6 13. Nd2 $146 (13. Rd2 Rfd8 14. Rad1 a6 15. Ne1 Rac8 16. Bf3 Bxf3
17. Nxf3 Nf8 18. h3 Ng6 19. Bg3 Qc6 20. Bh2 d5 21. cxd5 Nxd5 22. Ne5 Nxe5 23.
Bxe5 Nb4 24. Rxd8+ Rxd8 25. Rxd8+ Bxd8 26. Qd1 Be7 27. Qg4 f6 {1/2-1/2 (27)
Winants,L (2517)-Speelman,J (2541) Netherlands 2007}) 13... Rfe8 (13... Rab8 $5 14. Bg3 (14. b3) 14... Rfd8) 14.
Bg3 Rad8 (14... Rab8) 15. Bf3 Bxf3 16. Nxf3 Nh5 17. Rd2 Nxg3 18. hxg3 Nf6 19. Rad1 {[%emt 0:02:19] Les Blancs ont un petit avantage d'espace
mais les R Blanches manquent de cases de pénétration et les Noirs ont au
moins l'égalité} Qc6 20. b3 a6 21. Rd3 Rd7 22. Na4 Red8 23. Nc3 {[%emt 0:01:07] Il est difficile pour les deux
camps de progresser} Qb7 24. Na4 Ne4 $15 25. Nd2 Nf6 26. Nf3 Qc7 27. Rc1 1/2-1/2